 Dungeon Crawl Stone Soup version 0.30-a0-728-gc68057be0a (webtiles) character file.

Game seed: 9895942181817929690

2237 Dirtsage the Changer (level 9, 0/66 HPs)
             Began as an Octopode Transmuter on Jan 31, 2023.
             Was a Follower of the Shining One.
             Engulfed by a steam dragon's steam (6 damage)
             ... on level 7 of the Dungeon.
             The game lasted 00:12:58 (5297 turns).

Dirtsage the Changer (Octopode Transmuter)          Turns: 5297, Time: 00:12:59

Health: 0/66       AC:  9    Str:  9    XL:     9   Next: 36%
Magic:  12/12      EV: 15    Int: 26    God:    the Shining One [*.....]
Gold:   256        SH:  0    Dex: 12    Spells: 5/12 levels left

rFire   x . .      SeeInvis .      - Unarmed
rCold   + + +      Faith    .    (shield currently unavailable)
rNeg    . . .      Spirit   .    (helmet currently unavailable)
rPois   +          Reflect  .    (no amulet)
rElec   .          Harm     .    j - +6 ring of intelligence
rCorr   .          Rampage  .    n - +5 ring of evasion
Will    .....                    s - ring of flight
Stlth   +                        (no ring)
HPRegen 0.31/turn                (no ring)
MPRegen 0.13/turn                (no ring)
                                 (no ring)
                                 (no ring)

@: ice-form (expiring), flying, glowing
A: freezing attack, boosted hp, almost no armour, amphibious, 8 rings, large,
(camouflage 1), (gelatinous body 1), (nimble swimmer 1), (tentacles)
a: End Transformation, Renounce Religion, Divine Shield


You were on level 7 of the Dungeon.
You worshipped the Shining One.
The Shining One was aware of your devotion.
You were a creature of crystalline ice.
You visited 2 branches of the dungeon, and saw 8 of its levels.
You also visited: Sewer.

You collected 360 gold pieces.
You spent 104 gold pieces at shops.

Inventory:

Missiles
 f - 2 throwing nets
Jewellery
 j - a +6 ring of intelligence (left front paw)
 n - a +5 ring of evasion (right front paw)
 s - a ring of flight (on tentacle)
Wands
 l - a wand of paralysis (20)
 r - a wand of roots (5)
 w - a wand of polymorph (7)
 x - a wand of flame (17)
Scrolls
 b - a scroll of silence
 c - 3 scrolls of vulnerability
 e - a scroll of butterflies
 g - a scroll of fear
 i - a scroll of amnesia {unknown}
 t - 4 scrolls of teleportation
 v - 2 scrolls of magic mapping
Potions
 a - a potion of lignification
 d - a potion of might
 h - 3 potions of haste
 k - 2 potions of brilliance
 m - a potion of heal wounds {unknown}
 o - a potion of magic {unknown}
 p - 2 potions of invisibility
 q - 4 potions of curing
 u - a potion of flight
 y - a potion of mutation


   Skills:
 + Level 2.6 Fighting
 + Level 3.1 Dodging
 * Level 5.2 Unarmed Combat
 - Level 2.0 Spellcasting
 - Level 7.2 Transmutations
 - Level 6.8 Ice Magic
 + Level 2.5 Invocations
 + Level 3.3 Evocations


You had 5 spell levels left.
You knew the following spells:

 Your Spells              Type           Power      Damage    Failure   Level
a - Beastly Appendage     Tmut           80%        N/A       1%          1
b - Wereblood             Tmut           40%        N/A       1%          2
c - Ice Form              Ice/Tmut       39%        N/A       6%          4

Your spell library contained the following spells:

 Spells                   Type           Power      Damage    Failure   Level
 Spider Form              Tmut/Pois      21%        N/A       7%          3
 Magic Dart               Conj           8%         1d3       11%         1
 Call Imp                 Summ           2%         N/A       16%         2
 Cigotuvi's Dreadful Rot  Necr/Pois/Air  4%         N/A       16%         2
 Poisonous Vapours        Pois/Air       4%         N/A       16%         2
 Mephitic Cloud           Conj/Pois/Air  2%         N/A       30%         3


Dungeon Overview and Level Annotations

Branches:
Dungeon (7/15)             Temple (1/1) D:5           Sewer (visited)

Altars:
Ashenzari
Dithmenos
Gozag
Kikubaaqudgha
Nemelex Xobeh
Qazlal
Ru
Sif Muna
Trog
Vehumet
Wu Jian
Xom
Zin
The Shining One

Shops:
D:1 *   D:7 [


Innate Abilities, Weirdness & Mutations

You are a creature of crystalline ice.
You have a powerful freezing melee attack.
Your maximum health is increased.
Your armour is entirely melded.
You are incapable of wielding weapons or throwing items.
You cannot wear most types of armour.
You are amphibious.
You can wear up to eight rings at the same time.
((Your skin changes colour to match your surroundings (Stealth+).))
((Your rubbery body absorbs attacks. (AC +1, EV +1)))
((You are camouflaged when in or above water. (Stealth+)))
((You have tentacles for arms and can constrict up to eight enemies at once.))


Message History

You hit the centaur. You freeze the centaur.
You kill the centaur!
No target in view!
You now have 256 gold pieces (gained 5).
i - a scroll labelled YROSHR JET XIUZAR Health restored: 66; MP restored: 12
Found an escape hatch in the ceiling.
A steam dragon comes into view.
The steam dragon hisses angrily.
The steam dragon moves out of view.
The steam dragon breathes steam at you. The ball of steam hits you!!
The steam scalds you terribly!
You take 22 damage, and have 44/66 hp.
MASSIVE DAMAGE!!
Your transformation is almost over.
The steam dragon breathes steam at you. The ball of steam misses you.
The steam dragon misses you. The steam dragon closely misses you.
You hit the steam dragon but do no damage.
The steam dragon bites you! The steam dragon barely misses you.
You take 8 damage, and have 38/66 hp.
You hit the steam dragon. You freeze the steam dragon.
The steam dragon is moderately wounded.
The steam dragon closely misses you. The steam dragon misses you.
You hit the steam dragon but do no damage.
The steam dragon is moderately wounded.
The steam dragon bites you! The steam dragon misses you.
You take 8 damage, and have 31/66 hp.
You hit the steam dragon. You freeze the steam dragon.
The steam dragon is heavily wounded.
The steam dragon barely misses you. x2
You hit the steam dragon. You freeze the steam dragon.
The steam dragon is heavily wounded.
The steam dragon breathes steam at you. The ball of steam hits you!!
The steam scalds you terribly!
* * * LOW HITPOINT WARNING * * *
You take 25 damage, and have 6/66 hp.
MASSIVE DAMAGE!!
You hit the steam dragon but do no damage.
The steam dragon is heavily wounded.
You are engulfed in a cloud of scalding steam.
You die...

##### ######## #...#
#... ..####..<###
####.####.##.......##
#.......#.##..§§§§..#
.....##.#.##..§§YD..#
#.#.......####§§§##.#
#.#.###..........##§#
#..)[.#############.#
###.#.# D.. # .....#
... # #.#..# ...# #
#.#..# .#### # #..
...


You could see a steam dragon (catching breath).

Vanquished Creatures
  Sigmund (D:4)
  A water moccasin (D:7)
  An orc warrior (D:7)
  3 sky beasts
  2 centaurs (D:7)
  3 necrophages
  A bullfrog (D:7)
  4 scorpions
  A howler monkey (D:5)
  4 hounds
  A jelly (D:5)
  4 orc priests
  Terence (D:3)
  A gnoll bouda (D:7)
  A hell rat (Sewer)
  7 orc wizards
  Ijyb (D:5)
  Natasha (D:2)
  4 iguanas
  8 gnolls
  5 adders
  3 river rats
  A white imp (D:6)
  An ufetubus (D:4)
  3 worms
  A dart slug (D:5)
  17 orcs
  4 bats
  8 endoplasms
  6 giant cockroaches
  3 goblins
  5 hobgoblins
  3 jackals (D:1)
  7 quokkas
  6 ball pythons
  5 frilled lizards (D:2)
  6 kobolds
  12 rats
146 creatures vanquished.

Notes
Turn   | Place    | Note
-------+----------+-------------------------------------------
     0 | D:1      | Dirtsage the Octopode Transmuter began the quest for the
                  | Orb.
     0 | D:1      | Reached XP level 1. HP: 13/13 MP: 3/3
   206 | D:1      | Found Wioleji's General Store.
   310 | D:1      | Reached skill level 1 in Ice Magic
   310 | D:1      | Reached XP level 2. HP: 11/18 MP: 1/5
   395 | D:1      | Learned a level 2 spell: Wereblood
   526 | D:1      | Found a faded altar of an unknown god.
   743 | D:2      | Reached XP level 3. HP: 12/23 MP: 2/6
   794 | D:2      | Reached skill level 3 in Transmutations
   993 | D:2      | Noticed Natasha
  1001 | D:2      | Killed Natasha
  1002 | D:2      | Reached XP level 4. HP: 10/28 MP: 5/7
  1165 | D:2      | Learned a level 4 spell: Ice Form
  1399 | D:3      | Noticed Terence
  1413 | D:3      | Reached XP level 5. HP: 33/33 MP: 2/8
  1423 | D:3      | Killed Terence
  1424 | D:3      | Reached skill level 4 in Transmutations
  1534 | D:3      | Noticed a sky beast
  1548 | D:3      | Killed a sky beast
  1549 | D:3      | Reached XP level 6. HP: 38/38 MP: 1/9
  1593 | D:3      | Found a glowing drain.
  1597 | Sewer    | Entered a sewer
  1922 | D:1      | Bought a scroll of teleportation for 39 gold pieces
  1922 | D:1      | Bought a potion of curing for 39 gold pieces
  1922 | D:1      | Bought a scroll of identify for 26 gold pieces
  2198 | D:3      | Found a shimmering blue altar of Sif Muna.
  2368 | D:4      | Reached skill level 5 in Transmutations
  2638 | D:4      | Noticed Sigmund
  2650 | D:4      | Killed Sigmund
  2651 | D:4      | Reached skill level 5 in Ice Magic
  2651 | D:4      | Reached XP level 7. HP: 38/43 MP: 5/10
  2804 | D:4      | Found a broken altar of Ashenzari.
  2831 | D:5      | Entered Level 5 of the Dungeon
  2891 | D:5      | Reached skill level 6 in Transmutations
  3024 | D:5      | Reached XP level 8. HP: 20/48 MP: 2/11
  3274 | D:5      | Noticed Ijyb
  3284 | D:5      | Killed Ijyb
  3483 | D:5      | Found a staircase to the Ecumenical Temple.
  3492 | Temple   | Entered the Ecumenical Temple
  3542 | Temple   | Became a worshipper of the Shining One
  3852 | D:6      | Reached skill level 1 in Evocations
  3926 | D:6      | Reached skill level 7 in Transmutations
  4646 | D:7      | Found Alim Rott's Armour Boutique.
  4666 | D:7      | Reached skill level 1 in Invocations
  4771 | D:7      | Reached XP level 9. HP: 54/54 MP: 7/12
  4989 | D:7      | Reached * piety under the Shining One
  5008 | D:7      | Reached skill level 5 in Unarmed Combat
  5297 | D:7      | Engulfed by a steam dragon's steam

Illustrated notes

Levels and vault maps discovered:
D:1:      tarquinn_simple_flora_water_e, layout_basic, serial_shops,
          nicolae_shop_stone, shapermc_ecumenical_altar_starsandcircs
D:2:      layout_rooms, minmay_lizard_pond, uniq_natasha
D:3:      layout_loops_ring, lemuel_blue_sif_altar, gup_sewer_entry_bowl,
          uniq_terence
D:4:      layout_rooms, ashenzari_conservatory_becter, uniq_sigmund
D:5:      layout_basic, minmay_temple_entry_poolview, uniq_ijyb
D:6:      layout_loops_ring
D:7:      layout_loops_cross, serial_shops, kennysheep_little_box,
          kennysheep_generic_room_8
Temple:   nicolae_temple_hex_pool

Skill      XL: |  1  2  3  4  5  6  7  8  9 |
---------------+----------------------------+-----
Ice Magic      | 1 2 3 4 5 6 |  6.8
Transmutations | 3 4 5 6 7 |  7.2
Evocations     | 2 3 |  3.3
Unarmed Combat | 4 5 |  5.2
Invocations    | 1 2 |  2.5
Fighting       | 2 |  2.6
Dodging        | 3 |  3.1
Spellcasting   | |  2.0

Action                     |  1- 3 |  4- 6 |  7- 9 || total
---------------------------+-------+-------+-------++-------
  Melee: Unarmed           |    67 |   104 |   185 ||   356
         Kick              |    15 |     9 |       ||    24
         Tentacles         |    19 |     9 |       ||    28
         Constrict         |    16 |    12 |     1 ||    29
         Punch             |       |     3 |       ||     3
   Cast: Beastly Appendage |    16 |     7 |       ||    23
         Wereblood         |     3 |     4 |     8 ||    15
         Ice Form          |       |     6 |    23 ||    29
  Evoke: Wand              |       |       |     2 ||     2
    Use: Scroll            |       |     7 |     5 ||    12
   Stab: Sleeping          |     3 |     7 |       ||    10
         Paralysed         |       |       |     2 ||     2
 Armour: Skin              |     6 |    14 |    44 ||    64
  Dodge: Dodged            |    39 |    47 |   122 ||   208

Table legend: (Time is in decaauts)
 A = Elapsed time spent in this place.
 B = Non-inter-level travel time spent in this place.
 C = Inter-level travel time spent in this place.
 D = Time resting spent in this place.
 E = Time spent auto-exploring this place.
 F = Levels seen in this place.
 G = Mean time per level.
                   A        B        C        D        E       F      G
               +--------+--------+--------+--------+--------+-----+--------+
         Total |   5285 |   5049 |    236 |      0 |   3982 |   9 |  587.2 |
       Dungeon |   5025 |   4805 |    220 |      0 |   3793 |   7 |  717.9 |
        Temple |     67 |     51 |     16 |      0 |     39 |   1 |   67.0 |
         Sewer |    191 |    191 |      0 |      0 |    150 |   1 |  191.0 |
               +--------+--------+--------+--------+--------+-----+--------+

Top non-repeatable levels by time:
     D:5: 907 daAuts
     D:1: 775 daAuts
     D:3: 764 daAuts
     D:6: 738 daAuts
     D:7: 709 daAuts
     D:2: 605 daAuts
     D:4: 524 daAuts
   Sewer: 191 daAuts
  Temple: 67 daAuts
